 Dungeon Crawl Stone Soup version 0.28.0-53-g5a82cb258f (webtiles) character file.

Game seed: 14844591011099385570

1085 bnorton916 the Magician (level 8, -1/41 HPs)
             Began as a Deep Elf Fire Elementalist on Aug 9, 2022.
             Slain by a killer bee (8 damage)
             ... on level 6 of the Dungeon.
             The game lasted 00:06:27 (7775 turns).

bnorton916 the Magician (DEFE)                      Turns: 7775, Time: 00:06:28

Health: -1/41      AC:  7    Str:  4 (5)  XL:     8   Next: 9%
Magic:  20/20      EV: 12    Int: 23      God:
Gold:   282        SH:  0    Dex: 15      Spells: 15/21 levels left

rFire   . . .      SeeInvis .   (no weapon)
rCold   . . .      Faith    .   (no shield)
rNeg    + . .      Spirit   .   a - +0 robe
rPois   .          Reflect  .   y - +0 helmet
rElec   .          Harm     .   q - +0 cloak
rCorr   .          Rampage  .   m - +2 pair of gloves
Will    .....                   (no boots)
Stlth   ++........              n - amulet of magic regeneration
HPRegen 0.13/turn               i - ring of flight
MPRegen 0.57/turn               j - ring of positive energy

@: flying
A: deterioration 1, noise suppression
a: no special abilities


You were on level 6 of the Dungeon.
You visited 1 branch of the dungeon, and saw 7 of its levels.

You collected 282 gold pieces.

Inventory:

Missiles
 d - 66 stones
 h - 3 datura-tipped darts
 k - 8 poisoned darts
 r - 5 throwing nets
 u - 3 boomerangs
Armour
 a - a +0 robe (worn)
 m - a +2 pair of gloves (worn)
 o - a +1 leather armour of fire resistance
 p - a +2 ring mail of willpower
 q - a +0 cloak (worn)
 y - a +0 helmet (worn)
Jewellery
 i - a ring of flight (left hand)
 j - a ring of positive energy (right hand)
 n - an amulet of magic regeneration (around neck)
 w - a +4 ring of slaying
Wands
 E - a wand of acid (7)
Scrolls
 e - a scroll of vulnerability
 g - a scroll of fog {unknown}
 t - a scroll of fear {unknown}
 v - a scroll of teleportation {unknown}
 x - 2 scrolls of identify
 A - a scroll of silence
 C - a scroll of acquirement
Potions
 l - a potion of might {unknown}
 z - a potion of berserk rage {unknown}
 H - a potion of mutation


   Skills:
 + Level 3.2 Armour
 - Level 2.4 Dodging
 - Level 2.4 Stealth
 + Level 7.0 Spellcasting
 + Level 5.3 Conjurations
 + Level 6.2 Fire Magic


You had 15 spell levels left.
You knew the following spells:

 Your Spells              Type           Power      Damage    Failure   Level
a - Foxfire               Conj/Fire      100%       2x1d9     1%          1
b - Scorch                Fire           74%        2d8       1%          2
c - Conjure Flame         Conj/Fire      34%        6-21      1%          3

Your spell library contained the following spells:

 Spells                   Type           Power      Damage    Failure   Level
 Shock                    Conj/Air       80%        1d8       2%          1
 Inner Flame              Hex/Fire       22%        N/A       6%          3
 Flame Wave               Conj/Fire      34%        2d8       7%          4
 Swiftness                Air            8%         N/A       22%         3
 Airstrike                Air            4%         N/A       58%         4


Dungeon Overview and Level Annotations

Branches:
Dungeon (7/15)
 Temple: D:4-7

Altars:
Ashenzari
Cheibriados
Hepliaklqana
Kikubaaqudgha
Qazlal
Vehumet
Beogh

Annotations:
D:3 3 runed translucent doors, safid's ghost, amateur HOFi


Innate Abilities, Weirdness & Mutations

Your body sometimes deteriorates upon taking damage.
You passively dampen the noise of your surroundings.


Message History

The foxfire hits the killer bee.
The killer bee is lightly wounded.
The foxfire hits the killer bee.
The killer bee is moderately wounded.
A killer bee comes into view. x2
The killer bee buzzes angrily.
You hear an angry buzzing noise.
The killer bee barely misses you. The killer bee stings you!
You are poisoned.
The killer bee poisons you!
You fly upwards.
* * * LOW HITPOINT WARNING * * *
You feel very sick.
The black bear growls angrily.
Found a potion of curing, 13 stones and 16 gold pieces.
There is a stone staircase leading down here.
You feel better. The killer bee barely misses you.
The killer bee stings you but does no damage.
The water moccasin zombie misses you.
As you read the scroll labelled FENARU ZASM, it crumbles to dust.
It is a scroll of enchant weapon.
You aren't carrying any weapons that can be enchanted.
The killer bee closely misses you. The killer bee completely misses you.
The water moccasin zombie bites you but does no damage.
The black bear bites you but does no damage.
The black bear barely misses you. The black bear closely misses you.
As you read the scroll labelled WUTEFIT SONIL, it crumbles to dust.
You feel aware of your surroundings.
It was a scroll of magic mapping.
The killer bee misses you. The killer bee closely misses you.
The water moccasin zombie bites you.
The black bear bites you but does no damage.
The black bear claws you. The black bear misses you.
Found a runed falchion and 30 stones.
The killer bee stings you.
* * * LOW HITPOINT WARNING * * *
The killer bee stings you.
* * * LOW HITPOINT WARNING * * *
As you read the scroll labelled ZUISO MERAICH, it crumbles to dust.
It is a scroll of identify.
A - a scroll of silence The killer bee stings you!
You die...

,,,*,***,,,,,,*###.....##.##
,,,*,* **,*##,##.....##*#.# ***
,,**,* *,*#..,...(,***,..* *,,
,,**,****.##..),#.#####.#** *,,
,,**,,,,,......##..!....###****,,
,,,,,****,.........>.......,,,,,,
,,,,,,,,,,....(..Z........#****,,
,,*,***,,#..##.##y......### *,,
,,*,,,,,**#.....@h...l..# *,,
,,,,,,,** ###.....####### *,,
,,,,,,,,* #.....# ******
*,,,,,,,* #..$..# ******<,,,,
*,,,,,,,* #.....#****,,,,,,****
**,,,,,** ##.####,,,,,,,,,**
**,,,,,** #.,,,,,***,,,,,* ***
*,,,,,,,* #.,,,,,,,,,,,,,***,,
*,,,,,,,* *********,,,,,,,,,,*


You could see a black bear, an iguana, a killer bee and a water moccasin zombie.

Vanquished Creatures
  An ice beast (D:5)
  2 centaurs (D:5)
  2 ogres
  A scorpion (D:5)
  A water moccasin zombie (D:5)
  A howler monkey (D:5)
  A bullfrog skeleton (D:5)
  A gnoll shaman (D:4)
  Crazy Yiuf (D:2)
  Jessica (D:2)
  A centaur skeleton (D:6)
  4 iguanas
  A scorpion zombie (D:5)
  13 gnolls
  5 adders
  2 adder skeletons (D:4)
  5 worms
  2 dart slugs (D:1)
  8 orcs (D:4)
  2 ball pythons
  An endoplasm (D:1)
  A giant cockroach (D:3)
  7 hobgoblins
  A quokka (D:1)
  5 bats
  3 frilled lizards (D:1)
  2 goblins
  15 kobolds
  7 rats
97 creatures vanquished.

Vanquished Creatures (others)
  443 foxfires
443 creatures vanquished.

Grand Total: 540 creatures vanquished

Notes
Turn   | Place    | Note
-------+----------+-------------------------------------------
     0 | D:1      | bnorton916 the Deep Elf Fire Elementalist began the quest
                  | for the Orb.
     0 | D:1      | Reached XP level 1. HP: 10/10 MP: 6/6
   304 | D:1      | Reached XP level 2. HP: 15/15 MP: 2/8
   841 | D:1      | You are sucked into a shaft and drop 1 floor!
   924 | D:2      | Found a faded altar of an unknown god.
  1238 | D:2      | Reached XP level 3. HP: 19/19 MP: 7/10
  1375 | D:2      | Reached skill level 4 in Spellcasting
  2081 | D:2      | Noticed Jessica
  2088 | D:2      | Killed Jessica
  2089 | D:2      | Reached XP level 4. HP: 20/24 MP: 10/12
  2095 | D:2      | Learned a level 2 spell: Scorch
  2099 | D:2      | Learned a level 3 spell: Conjure Flame
  2493 | D:2      | Found a runed translucent door.
  2494 | D:2      | Noticed Crazy Yiuf
  2506 | D:2      | Killed Crazy Yiuf
  2930 | D:3      | Reached XP level 5. HP: 28/28 MP: 14/14
  3342 | D:3      | Reached skill level 1 in Armour
  3355 | D:3      | Found a runed translucent gate.
  3355 | D:3      | Found a runed translucent gate.
  3355 | D:3      | Found a runed translucent gate.
  3358 | D:3      | Noticed safid's ghost (amateur HOFi)
  3362 | D:3      | Identified the +6 short sword "Jexke" {vorpal, Fly}
  3496 | D:3      | Found a hazy altar of Hepliaklqana.
  3782 | D:4      | Reached skill level 5 in Spellcasting
  4319 | D:4      | Reached XP level 6. HP: 32/32 MP: 12/15
  4330 | D:4      | Reached skill level 5 in Fire Magic
  5726 | D:4      | Found a radiant altar of Vehumet.
  5749 | D:4      | Found a broken altar of Ashenzari.
  5749 | D:4      | Found a snail-covered altar of Cheibriados.
  5756 | D:4      | Found a stormy altar of Qazlal.
  5759 | D:4      | Found an ancient bone altar of Kikubaaqudgha.
  5884 | D:5      | Entered Level 5 of the Dungeon
  5934 | D:5      | Reached XP level 7. HP: 26/36 MP: 17/17
  5938 | D:5      | Reached skill level 6 in Spellcasting
  6574 | D:5      | Reached skill level 5 in Conjurations
  7362 | D:5      | Reached XP level 8. HP: 36/41 MP: 13/20
  7663 | D:6      | Reached skill level 7 in Spellcasting
  7695 | D:6      | Identified 2 scrolls of acquirement
  7695 | D:6      | Acquired Sif Muna's Papyrus of Dislocation and the Rocks
  7696 | D:6      | Gained mutation: Your body sometimes deteriorates upon
                  | taking damage. [potion of mutation]
  7696 | D:6      | Gained mutation: You passively dampen the noise of your
                  | surroundings. [potion of mutation]
  7775 | D:6      | Slain by a killer bee

Illustrated notes

Levels and vault maps discovered:
D:1:      saegor_arrival_simple_c, layout_rooms
D:2:      layout_loops_ring, shapermc_ecumenical_altar_mp_highgroup,
          minmay_goblin_kobold_house, uniq_jessica, uniq_crazy_yiuf_cottage
D:3:      layout_basic, mainiacjoe_overflow_chevrons,
          biasface_ghost_orc_armoury, grunt_ministairs_15,
          kennysheep_big_empty_room
D:4:      layout_layer_cave, minitemple
D:5:      layout_basic
D:6:      layout_rooms, uniq_prince_ribbit1
D:7:      layout_rooms, minmay_temple_entry_drinking_statues, kennysheep_nub,
          uniq_menkaure

Skill      XL: |  1  2  3  4  5  6  7  8 |
---------------+-------------------------+-----
Conjurations   | 2 3 4 5 |  5.3
Spellcasting   | 4 5 6 7 |  7.0
Fire Magic     | 4 5 6 |  6.2
Armour         | 1 2 3 |  3.2
Dodging        | |  2.4
Stealth        | |  2.4

Action                   |  1- 3 |  4- 6 |  7- 9 || total
-------------------------+-------+-------+-------++-------
Melee: Unarmed           |       |       |     1 ||     1
 Cast: Foxfire           |   122 |   114 |    25 ||   261
       Scorch            |       |    24 |    19 ||    43
       Conjure Flame     |       |     1 |     2 ||     3
  Use: Scroll            |       |       |     7 ||     7
       Potion            |       |       |     7 ||     7
Armor: Robe              |     4 |     8 |    14 ||    26
Dodge: Dodged            |     8 |    30 |    32 ||    70
